 Dungeon Crawl Stone Soup version 0.31.0-32-g396128a36d (webtiles) character file.

Game seed: 14771414383153602869

194 Silvore the Covered (level 5, -2/47 HPs)
             Began as a Minotaur Fighter on Mar 10, 2024.
             Slain by Crazy Yiuf
             ... wielding a +4 quarterstaff of chaos
              (14 damage)
             ... on level 2 of the Dungeon.
             The game lasted 00:02:05 (889 turns).

Silvore the Covered (Minotaur Fighter)               Turns: 889, Time: 00:02:06

Health: -2/47      AC:  8    Str: 23    XL:     5   Next: 44%
Magic:  4/4        EV: 10    Int:  5    God:
Gold:   34         SH:  4    Dex:  9    Spells: 4/4 levels left

rFire   . . .        a - +0 flail
rCold   . . .        c - +0 buckler
rNeg    . . .        b - +0 scale mail
rPois   .            (helmet restricted)
rElec   .            (no cloak)
rCorr   .            (no gloves)
SInv    .            f - +0 pair of boots
Will    .....        (no amulet) Stlth
                     (no ring)
HPRegen 0.27/turn    (no ring)
MPRegen 0.09/turn

%: no passive effects
@: mighty
A: horns 2, retaliatory headbutt
a: no special abilities


You were on level 2 of the Dungeon.
You visited 1 branch of the dungeon, and saw 2 of its levels.

You collected 34 gold pieces.

Inventory:

Hand Weapons
 a - a +0 flail (weapon)
Armour
 b - a +0 scale mail (worn)
 c - a +0 buckler (worn)
 f - a +0 pair of boots (worn)
Wands
 g - a wand of quicksilver (7)
Scrolls
 e - 3 scrolls of blinking {unknown}
 h - a scroll of identify
 j - 2 scrolls of teleportation
Potions
 d - a potion of might
 i - a potion of haste


   Skills:
 + Level 4.5 Fighting
 + Level 4.3 Maces & Flails
 + Level 4.6 Armour
 + Level 1.7 Dodging
 + Level 0.5 Stealth
 + Level 4.3 Shields


You had 4 spell levels left.
You didn't know any spells.
Your spell library was empty.

Dungeon Overview and Level Annotations

Branches:
Dungeon (2/15)

Altars:

Annotations:
D:2 Crazy Yiuf


Innate Abilities, Weirdness & Mutations

You have a pair of horns on your head.
You reflexively headbutt those who attack you in melee.


Message History

You block the ball python's attack. The ball python closely misses you.
The ball python grabs you. The ball python constricts you.
You hit the ball python. You headbutt the ball python.
You kill the ball python!
e - 3 scrolls labelled ILEPEI UNYDEKH
Found a hammer.
You see here a +0 hammer.
Found three hammers and two glowing hammers.
Found a runed translucent door.
You see here a +2 hammer of protection.
Found a hammer.
Crazy Yiuf shouts!
You see here a +0 hammer.
Found two hammers.
You see here a +0 hammer.
You open the door. You hit Crazy Yiuf but do no damage.
Crazy Yiuf flaps his cloak.
Crazy Yiuf barely misses you.
You closely miss Crazy Yiuf.
Crazy Yiuf hits you with a +4 quarterstaff of chaos.
You feel very mighty all of a sudden.
You sock Crazy Yiuf! Your headbutt misses Crazy Yiuf.
Crazy Yiuf is severely wounded.
Crazy Yiuf hits you with a +4 quarterstaff of chaos!
You barely miss Crazy Yiuf. Your headbutt misses Crazy Yiuf.
Crazy Yiuf is severely wounded.
Crazy Yiuf laughs, "Ice Xom sanguine!"
Crazy Yiuf hits you with a +4 quarterstaff of chaos!
Crazy Yiuf draws strength from your wounds!
Crazy Yiuf hits you with a +4 quarterstaff of chaos.
Crazy Yiuf freezes you.
* * * LOW HITPOINT WARNING * * *
You hit Crazy Yiuf.
Crazy Yiuf is severely wounded.
Crazy Yiuf hits you with a +4 quarterstaff of chaos.
* * * LOW HITPOINT WARNING * * *
You are electrocuted!
You die...

######.#####..#.#
................#
##...#.##########
#...#..# #...####
#...# ###.#####♣♣
### #.....#P♣♣
♣♣#)))#
###.....P♣♣♣♣@g.).#
##...P.)♣).♣#.))#
##.#P.♣)♣♣♣ ###
###♣♣♣♣♣


You could see Crazy Yiuf.

Vanquished Creatures
  Sigmund (D:2)
  A dart slug (D:1)
  3 ball pythons
  6 bats
  3 endoplasms (D:1)
  A giant cockroach (D:1)
  3 goblins
  4 hobgoblins
  5 kobolds
  A quokka (D:1)
  A frilled lizard (D:1)
  2 rats (D:1)
31 creatures vanquished.

Notes
Turn   | Place    | Note
-------+----------+-------------------------------------------
     0 | D:1      | Silvore the Minotaur Fighter began the quest for the Orb.
     0 | D:1      | Reached XP level 1. HP: 19/19 MP: 0/0
   164 | D:1      | Reached XP level 2. HP: 27/27 MP: 1/1
   236 | D:1      | Found a faded altar of an unknown god.
   503 | D:1      | Reached XP level 3. HP: 33/33 MP: 2/2
   804 | D:2      | Noticed Sigmund
   812 | D:2      | Killed Sigmund
   813 | D:2      | Reached skill level 1 in Dodging
   813 | D:2      | Reached XP level 4. HP: 37/41 MP: 3/3
   813 | D:2      | Reached XP level 5. HP: 42/47 MP: 4/4
   880 | D:2      | Found a runed translucent door.
   881 | D:2      | Noticed Crazy Yiuf
   889 | D:2      | Slain by Crazy Yiuf

Illustrated notes

Levels and vault maps discovered:
D:1:      sevenhm_arrival_forest_fort_large_1, layout_rooms,
          hellmonk_ecumenical_altar_lost_god, grunt_decor_junction,
          minmay_small_reverse_x
D:2:      layout_basic, uniq_terence, uniq_sigmund, uniq_crazy_yiuf_cottage

Skill      XL: |  1  2  3 |
---------------+----------+-----
Shields        | 4 |  4.3
Fighting       | 4 |  4.5
Armour         | 4 |  4.6
Maces & Flails | 4 |  4.3
Dodging        | 1 |  1.7
Stealth        | |  0.5

Action                     |  1- 3 |  4- 6 || total
---------------------------+-------+-------++-------
  Melee: Flail             |    63 |     9 ||    72
         Headbutt          |    11 |     1 ||    12
    Use: Scroll            |     4 |       ||     4
 Armour: Scale mail        |    63 |     6 ||    69
  Dodge: Dodged            |    46 |     2 ||    48
  Block: Buckler           |    16 |     3 ||    19
